 Dungeon Crawl Stone Soup version 0.30-a0-385-gfebfb9b408 (webtiles) character file.

Game seed: 6960851111858003870

1890 tio the Reanimator (level 8, -2/42 (48) HPs)
             Began as a Demonspawn Necromancer on Dec 2, 2022.
             Was a Follower of Hepliaklqana.
             Slain by a wight
             ... wielding a +3 battleaxe
              (3 damage)
             ... on level 6 of the Dungeon.
             The game lasted 00:40:08 (6794 turns).

tio the Reanimator (Demonspawn Necromancer)         Turns: 6794, Time: 00:40:09

HP:   -2/42 (48)    AC: 13    Str:  9    XL:     8   Next: 92%
MP:   18/18         EV:  8    Int: 25    God:    Hepliaklqana [*.....]
Gold: 221           SH:  4    Dex: 13    Spells: 20/21 levels left

rFire   + . .      SeeInvis .    x - +2 quarterstaff (chaos)
rCold   + . .      Faith    .    (shield currently unavailable)
rNeg    . . .      Spirit   .    C - +1 chain mail {Will+}
rPois   .          Reflect  .    d - +0 helmet
rElec   .          Harm     .    w - scarf {rC+ rF+}
rCorr   .          Rampage  .    (no gloves)
Will    .....                    (no boots)
Stlth   ..........               (no amulet)
HPRegen 0.27/turn                e - +6 ring of intelligence
MPRegen 0.16/turn                u - +4 ring of evasion

@: weak-willed, heavily drained
A: reduced essence, sharp scales 2, condensation shield, demonic magic 2
a: Renounce Religion, Recall Ancestor, Ancestor Identity


You were on level 6 of the Dungeon.
You worshipped Hepliaklqana.
Hepliaklqana was aware of your devotion.
You visited 2 branches of the dungeon, and saw 7 of its levels.

You collected 392 gold pieces.
You spent 171 gold pieces at shops.

Inventory:

Hand Weapons
 i - a +0 sling of flaming
 t - a +2 dagger of speed
 x - a +2 quarterstaff of chaos (weapon)
 B - a +0 vorpal long sword
Missiles
 A - 9 javelins
Armour
 d - a +0 helmet (worn)
 f - a +1 ring mail of willpower
 w - a scarf of resistance (worn)
 C - a +1 chain mail of willpower (worn)
Jewellery
 e - a +6 ring of intelligence (left hand)
 u - a +4 ring of evasion (right hand)
Wands
 j - a wand of mindburst (11)
 o - a wand of flame (3)
 s - a wand of roots (11)
 D - a wand of quicksilver (1)
Scrolls
 b - 2 scrolls of identify
 c - a scroll of torment {unknown}
 h - 2 scrolls of amnesia {unknown}
 q - a scroll of vulnerability
 r - 2 scrolls of blinking {unknown}
 v - a scroll of enchant weapon {unknown}
 y - a scroll of enchant armour {unknown}
Potions
 a - 3 potions of haste {unknown}
 g - 2 potions of cancellation {unknown}
 k - 2 potions of lignification {unknown}
 l - 4 potions of curing
 m - 2 potions of flight {unknown}
 n - a potion of magic
 p - a potion of invisibility {unknown}
 z - 2 potions of heal wounds {unknown}


   Skills:
 + Level 1.0 Fighting
 + Level 1.0 Short Blades
 + Level 1.1 Staves
 + Level 2.3 Ranged Weapons
 + Level 2.8 Armour
 + Level 2.2 Dodging
 + Level 2.2 Stealth
 + Level 0.1 Shields
 + Level 7.1 Spellcasting
 + Level 8.6 Necromancy


You had 20 spell levels left.
You knew the following spells:

 Your Spells              Type           Power      Damage    Failure   Level
a - Necrotise             Necr           100%       1d9       19%         1

Your spell library contained the following spells:

 Spells                   Type           Power      Damage    Failure   Level
 Vampiric Draining        Necr           51%        2d9       47%         3
 Animate Dead             Necr           51%        N/A       87%         4
 Cigotuvi's Dreadful Rot  Necr/Pois/Air  46%        N/A       96%         2
 Agony                    Necr           51%        N/A       99%         5
 Poisonous Vapours        Pois/Air       16%        N/A       100%        2
 Dazzling Flash           Conj/Hex       16%        N/A       100%        3
 Inner Flame              Hex/Fire       8%         N/A       100%        3
 Mephitic Cloud           Conj/Pois/Air  8%         N/A       100%        3
 Cause Fear               Hex            4%         N/A       100%        4
 Iskenderun's Mystic Bla  Conj/Tloc      8%         2d4       100%        4
 Starburst                Conj/Fire      4%         6d3       100%        6
 Discord                  Hex            4%         N/A       100%        8


Dungeon Overview and Level Annotations

Branches:
Dungeon (6/15)             Temple (1/1) D:5

Altars:
Cheibriados
Gozag
Hepliaklqana
Makhleb
Nemelex Xobeh
Wu Jian

Shops:
D:1 [   D:2 *   D:3 (


Innate Abilities, Weirdness & Mutations

Your life essence is reduced to manifest your ancestor. (-10% HP)
You are mostly covered in razor-sharp scales. (AC +2, Slay +2)
A meltable shield of frost defends you. (SH +4)
Spells you cast may paralyse nearby enemies.


Message History

You can't see any susceptible monsters within range! (Use Z to cast anyway.)
You can't see any susceptible monsters within range! (Use Z to cast anyway.)
Okay, then.
You hit the wight but do no damage.
The wight suddenly seems more agile.
The wight is heavily damaged.
The wight hits you but does no damage.
You closely miss the wight.
The wight is heavily damaged.
The wight hits you with a +3 battleaxe.
You feel drained.
You barely miss the wight.
The wight is heavily damaged.
The wight hits you with a +3 battleaxe!
You feel drained.
Aiming: Fastroot
Press: ? - help, Q - select action, (/) - cycle Shift-Dir - straight line
Okay, then.
Aiming: Mindburst
Press: ? - help, Q - select action, (/) - cycle Shift-Dir - straight line, f - wight
Aim: a wight, wielding a +3 battleaxe and wearing a +0 robe (heavily damaged, unusually agile, chance to affect: 64%)
The wight struggles to resist.
The wight hits you with a +3 battleaxe.
You feel better. The wight hits you with a +3 battleaxe.
You feel drained.
Aiming: Throw Flame
Press: ? - help, Q - select action, (/) - cycle Shift-Dir - straight line, f/p - wight
Aim: a wight, wielding a +3 battleaxe and wearing a +0 robe (heavily damaged, unusually agile, 48% to hit)
The puff of flame misses the wight.
The wight hits you with a +3 battleaxe! The wight attacks as you move away!
The wight barely misses you. The wight attacks as you move away!
The wight hits you with a +3 battleaxe!
* * * LOW HITPOINT WARNING * * *
As you read the scroll labelled LOUSTUO RUERA, it crumbles to dust.
Magic quickly surges around you.
It was a scroll of vulnerability.
The wight hits you with a +3 battleaxe!
* * * LOW HITPOINT WARNING * * *
You feel drained.
* * * LOW HITPOINT WARNING * * *
As you read the scroll labelled LIEN EGOWUALE, it crumbles to dust.
It is a scroll of identify.
Okay, then.
The wight hits you with a +3 battleaxe.
You die...

## ##.##
###.#...########
.......@z......#
....#...######.#
# ##.## ##.###
#. #....# #.
#...## #+
###...##
#......#
#......##
#.......###


You could see a wight (agile, weak-willed).

Vanquished Creatures
  Sigmund (D:4)
  2 water moccasins (D:5)
  Duvessa (D:4)
  A black bear (D:6)
  3 ogres
  A phantom (D:5)
  A bullfrog (D:6)
  2 scorpions
  Dowan (D:4)
  A howler monkey (D:4)
  3 hounds
  3 orc priests (D:5)
  Crazy Yiuf (D:4)
  Jessica (D:2)
  Ijyb (D:3)
  2 iguanas
  10 orc wizards
  Terence (D:2)
  An ufetubus (D:4)
  A worm (D:4)
  3 dart slugs
  12 orcs
  5 ball pythons
  7 endoplasms
  4 giant cockroaches
  18 goblins
  13 hobgoblins
  2 jackals (D:1)
  4 quokkas
  11 bats
  9 kobolds
  5 rats
131 creatures vanquished.

Vanquished Creatures (collateral kills)
  Robin (D:2)
  An orc (D:5)
  A ball python (D:2)
  A goblin (D:1)
  A rat (D:1)
5 creatures vanquished.

Vanquished Creatures (others)
  An ancestor (D:6)
1 creature vanquished.

Grand Total: 137 creatures vanquished

Notes
Turn   | Place    | Note
-------+----------+-------------------------------------------
     0 | D:1      | tio the Demonspawn Necromancer began the quest for the Orb.
     0 | D:1      | Reached XP level 1. HP: 13/13 MP: 3/3
    92 | D:1      | Gained mutation: You are partially covered in razor-sharp
                  | scales. (AC +1, Slay +1) [demonic ancestry]
    92 | D:1      | Reached XP level 2. HP: 12/19 MP: 0/5
   258 | D:1      | Reached skill level 5 in Necromancy
   484 | D:1      | Gained mutation: Spells you cast may paralyse adjacent
                  | enemies. [demonic ancestry]
   484 | D:1      | Reached XP level 3. HP: 24/24 MP: 0/6
   679 | D:1      | Found Enwenes's Armour Emporium.
  1176 | D:2      | Noticed Terence
  1189 | D:2      | Killed Terence
  1350 | D:2      | Noticed Robin
  1352 | D:2      | Gained mutation: Spells you cast may paralyse nearby
                  | enemies. [demonic ancestry]
  1352 | D:2      | Reached XP level 4. HP: 30/30 MP: 6/8
  1436 | D:2      | Killed Robin
  1662 | D:2      | Noticed Jessica
  1663 | D:2      | Killed Jessica
  1664 | D:2      | Reached skill level 1 in Armour
  1941 | D:2      | Found Jopiug's Assorted Antiques.
  1944 | D:2      | Bought a tapered fluorescent wand for 76 gold pieces
  2386 | D:3      | Gained mutation: A meltable shield of frost defends you.
                  | (SH +4) [demonic ancestry]
  2386 | D:3      | Reached XP level 5. HP: 35/35 MP: 9/9
  2667 | D:3      | Found a sparkling altar of Nemelex Xobeh.
  2783 | D:3      | Found Kafef's Antique Weapon Emporium.
  2829 | D:3      | Noticed Ijyb
  2836 | D:3      | Killed Ijyb
  2837 | D:3      | Reached skill level 1 in Ranged Weapons
  3298 | D:2      | Bought a tubular ivory ring for 95 gold pieces
  3369 | D:4      | Found a faded altar of an unknown god.
  3370 | D:4      | Found a faded altar of an unknown god.
  3372 | D:4      | Found a hazy altar of Hepliaklqana.
  3395 | D:4      | Found an ornate altar of the Wu Jian Council.
  3428 | D:4      | Reached skill level 6 in Necromancy
  3488 | D:4      | Reached XP level 6. HP: 42/42 MP: 6/11
  3734 | D:4      | Noticed Sigmund
  3738 | D:4      | Killed Sigmund
  3739 | D:4      | Reached XP level 7. HP: 47/47 MP: 7/13
  3997 | D:4      | Found an opulent altar of Gozag.
  4103 | D:4      | Found a snail-covered altar of Cheibriados.
  4155 | D:4      | Noticed Duvessa
  4156 | D:4      | Noticed Dowan
  4171 | D:4      | Killed Duvessa
  4194 | D:4      | Killed Dowan
  4195 | D:4      | Reached skill level 7 in Necromancy
  4337 | D:4      | Found a runed translucent door.
  4338 | D:4      | Noticed Crazy Yiuf
  4641 | D:4      | Killed Crazy Yiuf
  4841 | D:4      | Became a worshipper of Hepliaklqana the Forgotten
  4931 | D:5      | Entered Level 5 of the Dungeon
  4979 | D:5      | Reached skill level 1 in Short Blades
  5122 | D:5      | Reached skill level 5 in Spellcasting
  5222 | D:5      | Gained mutation: You are mostly covered in razor-sharp
                  | scales. (AC +2, Slay +2) [demonic ancestry]
  5222 | D:5      | Reached XP level 8. HP: 53/53 MP: 9/16
  5553 | D:5      | Found a burning altar of Makhleb.
  5556 | D:5      | Identified the +1 robe of Anarchy {Rampage *Slow +Inv rPois
                  | Str-5}
  5628 | D:5      | Reached skill level 8 in Necromancy
  5775 | D:5      | Reached skill level 1 in Staves
  5890 | D:5      | Found a staircase to the Ecumenical Temple.
  6336 | Temple   | Entered the Ecumenical Temple
  6441 | D:6      | Reached skill level 1 in Fighting
  6630 | D:6      | Reached * piety under Hepliaklqana
  6793 | D:6      | HP: 1/42 [wight/+3 battleaxe (2)]
  6794 | D:6      | Slain by a wight

Illustrated notes

Levels and vault maps discovered:
D:1:      minmay_arrival_plants_in_alcoves, layout_basic, serial_shops,
          shop_coins
D:2:      layout_basic, serial_shops, nicolae_shop_behind_doors, uniq_terence,
          uniq_robin, uniq_jessica
D:3:      layout_loops_ring, mainiacjoe_overflow_alcove_1, serial_shops, shop,
          uniq_ijyb
D:4:      layout_basic, kennysheep_mini, nzn_wu_jian_council_hall,
          nicolae_hepliaklqana_ecumenical_no_more, marbit_many_paths,
          uniq_duvessa, uniq_crazy_yiuf_cottage, uniq_sigmund
D:5:      kennysheep_spiral_hall, layout_loops_ring, bloody_makhleb,
          temple_green
D:6:      layout_loops_corners, kennysheep_little_box, zin_scriptorium,
          nicolae_overflow_hallway_of_the_gods,
          mainiacjoe_overflow_tiny_flanked, nicolae_shop_sticking_my_neck_out
Temple:   ebering_the_one_and_only

Skill      XL: |  1  2  3  4  5  6  7  8 |
---------------+-------------------------+-----
Necromancy     | 5 6 7 8 |  8.6
Armour         | 1 2 |  2.8
Dodging        | 2 |  2.2
Spellcasting   | 3 4 5 7 |  7.1
Ranged Weapons | 1 2 |  2.3
Stealth        | 2 |  2.2
Short Blades   | 1 |  1.0
Staves         | 1 |  1.1
Fighting       | 1 |  1.0
Shields        | |  0.1

Action                   |  1- 3 |  4- 6 |  7- 9 || total
-------------------------+-------+-------+-------++-------
Melee: Unarmed           |     6 |       |       ||     6
       Club              |     2 |       |       ||     2
       Short sword       |     7 |    13 |       ||    20
       Dagger            |       |    11 |    21 ||    32
       Quarterstaff      |       |       |    34 ||    34
 Fire: Sling             |       |    46 |       ||    46
 Cast: Necrotise         |    56 |    71 |   151 ||   278
Invok: Ancestor Identity |       |       |     1 ||     1
Evoke: Wand              |       |       |     4 ||     4
  Use: Potion            |     1 |     2 |     1 ||     4
       Scroll            |       |       |     2 ||     2
 Stab: Distracted        |     1 |       |       ||     1
       Paralysed         |       |     1 |     1 ||     2
Armor: Robe              |     2 |       |       ||     2
       Ring mail         |     4 |    57 |    27 ||    88
       Chain mail        |       |       |     1 ||     1
Dodge: Dodged            |    21 |    61 |    32 ||   114
Block: Other             |       |     1 |     6 ||     7

Table legend: (Time is in decaauts)
 A = Elapsed time spent in this place.
 B = Non-inter-level travel time spent in this place.
 C = Inter-level travel time spent in this place.
 D = Time resting spent in this place.
 E = Time spent auto-exploring this place.
 F = Levels seen in this place.
 G = Mean time per level.
                   A        B        C        D        E       F      G
               +--------+--------+--------+--------+--------+-----+--------+
         Total |   6812 |   6067 |    745 |      0 |   5047 |   7 |  973.1 |
       Dungeon |   6810 |   6065 |    745 |      0 |   5047 |   6 | 1135.0 |
        Temple |      1 |      1 |      0 |      0 |      0 |   1 |    1.0 |
               +--------+--------+--------+--------+--------+-----+--------+

Top non-repeatable levels by time:
     D:4: 1588 daAuts
     D:5: 1499 daAuts
     D:2: 1272 daAuts
     D:1: 1160 daAuts
     D:3: 919 daAuts
     D:6: 370 daAuts
  Temple: 1 daAuts
